Cogmind - Beta 16.1 @@@ ROGUE MODE // 2026.04.15 @ 17:11:40 Player: Maelyn Result: Destroyed by P-70 Sage with High-powered Shock Rifle Performance ------------- Evolutions (6) 3000 Regions Visited (11) 2200 Robots Destroyed (78) 390 Value Destroyed (2173) 2173 Prototype IDs (30) 600 Alien Tech Used (0) 0 Bonus (306) 306 TOTAL SCORE: 8669 Bonus ------- High Alert Combat Kills 6 Aligned with FarCom 300 Cogmind --------- Core Integrity 0/1150 Matter 248/300 Energy 47/100 System Corruption 10% Temperature Cool (14) Movement Hovering (110) Ox1 Location -4/Factory Parts ------- > --- POWER (2) -------- (None) > --- PROPULSION (6) --- Gyrokinetic Inverter Gyrokinetic Inverter > --- UTILITY (9) ------ Medium Storage Unit Improved Terrain Scan Processor Advanced ECM Suite Advanced Hacking Suite System Shield > --- WEAPON (2) ------- (None) > --- INVENTORY (10) --- Gyrokinetic Inverter Gyrokinetic Inverter Improved Antigrav System Advanced Power Amplifier Advanced Reaction Control System Hacking Suite Peak State ------------ > --- POWER ------------ Light Angular Momentum Engine Light Angular Momentum Engine > --- PROPULSION ------- Field Propulsion Drive Field Propulsion Drive Field Propulsion Drive Field Propulsion Drive Field Propulsion Drive Field Propulsion Drive > --- UTILITY ---------- Medium Storage Unit Enhanced Optical Array Improved Terrain Scan Processor Microactuators Advanced ECM Suite Hacking Suite Advanced Hacking Suite System Shield System Shield > --- WEAPON ----------- Falx Plasma Sword > --- INVENTORY -------- Antigrav System Gyrokinetic Inverter Gyrokinetic Inverter Gyrokinetic Inverter Gyrokinetic Inverter Gyrokinetic Inverter Advanced Power Amplifier Advanced Reaction Control System Rocket Launcher Chainsword [Rating: 95] Favorites ----------- Power Ion Engine Engine Ion Engine Power Core Nuclear Core Propulsion Improved Airjet Treads Light Treads Leg Aluminum Leg Hover Unit Improved Airjet Flight Unit Field Propulsion Drive Utility Hacking Suite Device Heat Sink Storage Medium Storage Unit Processor 0b10 Alert Chip Hackware Hacking Suite Protection Improved Medium Armor Plating Weapon Plasma Sword Energy Gun Small Laser Energy Cannon Beam Cannon Ballistic Gun Enhanced Autogun Launcher Rocket Launcher Impact Weapon Maul Slashing Weapon Plasma Sword Build | -11 -10 -10 -10 -9 -8 -7 -7 -7 -6 -5 -4 ------- Run | Yrd Mat Min Exi Min Mat Fac Was Fac Fac Fac Fac Slots Evolved 12 | . . . . . 4 2 . . 2 2 2 Power 1 | . . . . . . . . . . 1 . Propulsion 4 | . . . . . 2 1 . . . 1 . Utility 7 | . . . . . 2 1 . . 2 . 2 Weapon . | . . . . . . . . . . . . Parts Attached 102 | 6 8 2 . 1 30 17 . 7 8 7 16 Power 14 | 1 1 . . 1 7 1 . . 1 1 1 Engine 7 | 1 1 . . 1 1 1 . . 1 . 1 Core 7 | . . . . . 6 . . . . 1 . Reactor . | . . . . . . . . . . . . Propulsion 41 | 2 2 1 . . 11 10 . 1 1 4 9 Treads 5 | 2 . . . . 3 . . . . . . Leg 12 | . 2 1 . . 8 1 . . . . . Wheel . | . . . . . . . . . . . . Hover 18 | . . . . . . 9 . 1 1 4 3 Flight 6 | . . . . . . . . . . . 6 Utility 28 | 1 3 . . . 4 5 . 3 5 2 5 Device 10 | . 1 . . . 4 . . 1 3 1 . Storage 3 | 1 1 . . . . 1 . . . . . Processor 4 | . . . . . . 1 . . 1 . 2 Hackware 9 | . . . . . . 3 . 1 1 1 3 Protection 2 | . 1 . . . . . . 1 . . . Artifact . | . . . . . . . . . . . . Weapon 19 | 2 2 1 . . 8 1 . 3 1 . 1 Energy Gun 6 | 2 . . . . 4 . . . . . . Energy Cannon 4 | . 2 . . . 2 . . . . . . Ballistic Gun 1 | . . . . . 1 . . . . . . Ballistic Cannon . | . . . . . . . . . . . . Launcher 3 | . . 1 . . 1 . . . . . 1 Special Weapon . | . . . . . . . . . . . . Impact Weapon 1 | . . . . . . 1 . . . . . Slashing Weapon 4 | . . . . . . . . 3 1 . . Piercing Weapon . | . . . . . . . . . . . . Special Melee Weapon . | . . . . . . . . . . . . Unidentified Prototypes 7 | . . . . . 4 2 . 1 . . . Parts Lost 45 | . 3 1 . 2 13 . . 5 . 3 18 Power 6 | . 1 . . 1 1 . . . . . 3 Propulsion 19 | . 1 1 . 1 7 . . 1 . 1 7 Utility 14 | . . . . . 3 . . 4 . 2 5 Weapon 6 | . 1 . . . 2 . . . . . 3 Highest Loss Streak 7 | . 1 1 . 2 3 . . 3 . 2 7 To Critical Strikes 1 | . . . . 1 . . . . . . . Average Backups 10 | 2 7 8 11 14 14 10 10 9 7 9 9 Power . | . . . . . . . 1 . 1 1 . Propulsion 2 | . 2 2 2 5 4 1 2 1 1 2 4 Utility 3 | . 1 2 2 3 4 3 2 4 1 2 2 Weapon 3 | . 3 4 6 6 5 5 4 2 2 2 1 Tool/Special . | . . . . . . . . . . . . Unused Backups 24 | . . . . . 6 2 1 4 2 1 8 Power 1 | . . . . . . . . . 1 . . Propulsion 10 | . . . . . 4 1 . 1 . . 4 Utility 7 | . . . . . . 1 . 2 . 1 3 Weapon 5 | . . . . . 2 . 1 1 1 . . Tool/Special 1 | . . . . . . . . . . . 1 Average Slot Usage (%) 88 | . 97 99 71 71 76 96 100 96 97 87 85 Engine 7 | . 13 14 14 13 1 3 7 5 5 5 7 Core 2 | . . . . . 7 3 . 1 . 4 . Treads 3 | . 12 . . . 7 1 . . . . . Leg 10 | . 14 27 28 15 20 4 . . . . . Hover 13 | . . . . . . 29 38 37 31 23 7 Flight 1 | . . . . . . . . . . . 15 Device 9 | . 10 14 14 14 13 3 . 1 17 10 10 Storage 9 | . 14 14 14 14 9 7 7 7 6 5 5 Processor 2 | . . . . . . 6 7 5 3 5 8 Hackware 8 | . . . . . . 19 23 20 9 10 17 Protection 1 | . 2 . . . . . . 1 6 5 . Energy Gun 3 | . 15 4 . . 5 5 7 . . . . Energy Cannon 5 | . 12 23 . 14 9 3 . . . . . Slashing Weapon 4 | . . . . . . . . 11 13 11 8 Peak Build Rating 95 | 6 7 8 7 7 25 53 53 59 68 82 95 Average Rating 35 | 3 6 7 6 6 18 46 52 54 63 78 80 On Entrance 30 | . 6 7 8 7 7 23 53 53 50 68 82 Avg Prop Armor Cover (%) 11 | . . . . . 14 6 . . . . 2 Naked Turns . | . . . . . . . . . . . . Heaviest Build 44 | 13 32 32 26 27 43 39 26 36 39 42 44 Greatest Support 60 | 40 40 20 20 10 60 45 45 45 46 60 60 Greatest Overweight (x) 13 | . 9 3 1 2 3 1 . 1 1 1 13 Average Overweight (x) . | . . 1 1 2 . . . . . . . Largest Inventory Capacity 15 | 8 15 15 15 15 15 15 10 10 10 10 10 Average Capacity 12 | 5 10 15 15 15 15 10 10 10 10 10 10 Most Carried 15 | 5 9 9 12 15 15 15 10 10 10 10 10 Average Carried 10 | 2 7 8 11 14 14 10 9 9 7 9 9 Final Capacity 15 | 8 15 15 15 15 15 10 10 10 10 10 10 Final Carried 15 | 4 8 9 12 15 15 10 10 8 10 10 6 Class Distribution -------------------- 35% | Hacker-Mutant 35% | Mutant 18% | Scavenger-Mutant 4% | Hacker-Sprinter Dominant Class ---------------- Mutant | -10/Materials Mutant | -10/Mines Mutant | -10/Exiles Mutant | -9/Mines Scavenger-Mutant | -8/Materials Hacker-Mutant | -7/Factory Hacker-Mutant | -7/Waste Hacker-Mutant | -7/Factory Hacker-Mutant | -6/Factory Hacker-Mutant | -5/Factory Hacker-Sprinter | -4/Factory Resources | -11 -10 -10 -10 -9 -8 -7 -7 -7 -6 -5 -4 ----------- Run | Yrd Mat Min Exi Min Mat Fac Was Fac Fac Fac Fac Matter Collected 1539 | 112 197 . . 15 567 . . 340 . 220 88 Remotely . | . . . . . . . . . . . . Salvage Created 2856 | . 343 . . 46 1387 . . 506 . 250 324 Parts 145 | . 27 . . 8 64 . . 19 . 9 18 Haulers Intercepted 6 | . . . . . 4 . . 1 . . 1 Recyclers Shooed 1 | . . . . . 1 . . . . . . Parts Field Recycled . | . . . . . . . . . . . . Retrieved Matter . | . . . . . . . . . . . . Parts Self-Destructed . | . . . . . . . . . . . . Prevented . | . . . . . . . . . . . . Parts Restored . | . . . . . . . . . . . . Kills | -11 -10 -10 -10 -9 -8 -7 -7 -7 -6 -5 -4 ------- Run | Yrd Mat Min Exi Min Mat Fac Was Fac Fac Fac Fac Combat Hostiles Destroyed 53 | . 11 . . 3 29 . . 5 . 1 4 Melee 8 | . . . . . . . . 3 . 1 4 Guns 16 | . 6 . . . 10 . . . . . . Cannons 25 | . 5 . . 3 17 . . . . . . Classes Destroyed 12 | . 4 . . . 5 . . 3 . . . Worker 3 | . . . . . . . . 2 . . 1 Tunneler 1 | . . . . . 1 . . . . . . Hauler 6 | . . . . . 4 . . 1 . . 1 Recycler 3 | . . . . . 1 . . 1 . 1 . Operator 6 | . 1 . . . 2 . . 1 . 1 1 Watcher 6 | . 2 . . . 1 . . 2 . . 1 Swarmer 21 | . 6 . . 3 10 . . . . . 2 Grunt 21 | . 5 . . . 15 . . 1 . . . Duelist 1 | . . . . . . . . 1 . . . Sentry 4 | . . . . . 3 . . . . 1 . Hunter 1 | . . . . . 1 . . . . . . Programmer 5 | . . . . . . . . 3 . . 2 Best Kill Streak 6 | . 4 . . 3 6 . . 2 . 1 2 Combat Bots Only 4 | . 3 . . 3 4 . . 1 . 1 2 Max Kills in Single Turn 2 | . 2 . . 1 2 . . 1 . 1 1 Gunslinging 1 | . 1 . . . . . . . . . . Exploded . | . . . . . . . . . . . . Melee 1 | . . . . . . . . 1 . 1 1 Uniques/NPCs Destroyed . | . . . . . . . . . . . . Combat | -11 -10 -10 -10 -9 -8 -7 -7 -7 -6 -5 -4 -------- Run | Yrd Mat Min Exi Min Mat Fac Was Fac Fac Fac Fac Hostile Shots Fired 549 | . 56 . . 21 207 . . 78 . 7 180 Missed 184 | . 14 . . 3 55 . . 35 . 3 74 Hits 365 | . 42 . . 18 152 . . 43 . 4 106 Melee 5 | . . . . . . . . 5 . . . Projectile 360 | . 42 . . 18 152 . . 38 . 4 106 AOE 4 | . . . . . . . . . . . 4 Critical Strikes 9 | . . . . 1 2 . . 1 . . 5 Part Disruptions 1 | . . . . . . . . . . . 1 Damage Taken 6921 | . 619 243 . 145 2079 . . 1001 . 461 2373 Core 2043 | . 86 49 . 24 405 . . 213 . 103 1163 Absorbed by Shields 115 | . . . . . 115 . . . . . . Regen/Repaired (Parts) 5 | . . . . . 5 . . . . . . Core Remaining (%) 70 | 100 . . . 36 26 . . 69 100 89 . Volleys Fired 221 | . 48 4 . 11 154 . . 1 . . 3 Largest 2 | . 2 2 . 1 2 . . 1 . . 1 Hottest 150 | . 90 120 . 60 150 . . 45 . . 33 Shots Fired 362 | . 65 8 . 12 273 . . 1 . . 3 Gun 173 | . 35 . . . 137 . . 1 . . . Cannon 184 | . 30 6 . 12 136 . . . . . . Launcher 5 | . . 2 . . . . . . . . 3 Special . | . . . . . . . . . . . . Kinetic 29 | . . . . . 29 . . . . . . Thermal 324 | . 65 6 . 12 241 . . . . . . Explosive 5 | . . 2 . . . . . . . . 3 Electromagnetic 4 | . . . . . 3 . . 1 . . . Robot Hit Streak 16 | . 9 . . 2 16 . . . . . 2 Robot Miss Streak 5 | . 5 . . 3 5 . . . . . 1 Penetration Max . | . . . . . . . . . . . . Secondary Targets 3 | . 3 . . . . . . . . . . Max Gunslinging Chain 1 | . 1 . . . . . . . . . . Shots Hit Robots 274 | . 37 . . 5 164 . . 37 . 6 25 Core Hits 106 | . 19 1 . 3 57 . . 9 . 4 13 Critical Kills . | . . . . . . . . . . . . Critical Parts Destroyed 1 | . . . . . . . . 1 . . . Critical Strikes 13 | . . . . . 3 . . 6 . 1 3 Burn 3 | . . . . . 3 . . . . . . Smash 1 | . . . . . . . . 1 . . . Sever 9 | . . . . . . . . 5 . 1 3 Melee Attacks 308 | . . . . . . . . 156 36 37 79 Impact 11 | . . . . . . . . 11 . . . Slashing 297 | . . . . . . . . 145 36 37 79 Piercing . | . . . . . . . . . . . . Sneak Attacks 8 | . . . . . . . . 4 . 1 3 Combat Hostiles . | . . . . . . . . . . . . Follow-up Attacks 10 | . . . . . . . . 6 . 1 3 Damage Inflicted 7628 | . 539 18 . 89 3308 . . 1824 . 316 1534 Guns 1543 | . 249 . . . 1294 . . . . . . Cannons 2115 | . 281 . . 89 1745 . . . . . . Explosions 570 | . . 18 . . 265 . . . . . 287 Melee 3337 | . . . . . . . . 1774 . 316 1247 Ramming 63 | . 9 . . . 4 . . 50 . . . Kinetic 317 | . . . . . 317 . . . . . . Thermal 3570 | . 530 . . 89 2951 . . . . . . Explosive 305 | . . 18 . . . . . . . . 287 Electromagnetic 36 | . . . . . 36 . . . . . . Impact 86 | . . . . . . . . 86 . . . Slashing 3251 | . . . . . . . . 1688 . 316 1247 Piercing . | . . . . . . . . . . . . Highest Corruption 10 | . 1 4 4 4 . . . 10 . 8 9 Average Corruption 4 | . 1 3 4 4 . . . 6 . 8 5 Corruption Purged . | . . . . . . . . . . . . Corruption Blocked . | . . . . . . . . . . . . Effects 49 | . 4 9 7 6 . . . 14 . 6 3 Message Errors 16 | . 2 3 3 1 . . . 3 . 3 1 Matter Fused 10 | . 1 2 1 1 . . . 4 . . 1 Heat Flow Errors 9 | . . 1 1 1 . . . 5 . 1 . Energy Discharges 7 | . 1 3 2 1 . . . . . . . Parts Fused 1 | . . . . . . . . . . 1 . Data Loss (minor) 1 | . . . . . . . . . . . 1 Data Loss (major) 3 | . . . . 1 . . . 1 . 1 . Misfires 1 | . . . . 1 . . . . . . . Misdirections 1 | . . . . . . . . 1 . . . Overload Shots . | . . . . . . . . . . . . Overflow Damage 654 | . 8 . . . 170 . . 366 . . 110 Projectiles 29 | . 8 . . . 21 . . . . . . Explosions 149 | . . . . . 149 . . . . . . Melee 476 | . . . . . . . . 366 . . 110 Knockbacks 2 | . . . . . . . . 2 . . . Impact 2 | . . . . . . . . 2 . . . Kinetic . | . . . . . . . . . . . . Secondary . | . . . . . . . . . . . . Self-Inflicted Damage 297 | . . 12 . . 227 . . 25 . . 33 Shots 5 | . . 2 . . 2 . . . . . 1 Rammed 3 | . 2 . . . . . . 1 . . . Targets Rammed 5 | . 2 . . . 2 . . 1 . . . Kicked 2 | . . . . . 2 . . . . . . Crushed . | . . . . . . . . . . . . Highest Temperature 448 | . 448 173 102 189 430 . . 246 . 104 125 Average Temperature 71 | . 137 60 59 61 64 . . 109 . 58 38 Received Heat Transfer 1047 | . 189 . . . 744 . . 84 . 18 12 Effects 8 | . 5 . . . 2 . . 1 . . . Shutdowns 2 | . 1 . . . 1 . . . . . . Energy Bleed 1 | . . . . . 1 . . . . . . Interference 3 | . 2 . . . . . . 1 . . . Damage (minor) 2 | . 2 . . . . . . . . . . Siege Activations . | . . . . . . . . . . . . Martial Activations . | . . . . . . . . . . . . Shielding Activations . | . . . . . . . . . . . . Robots Disrupted . | . . . . . . . . . . . . Combat Hostiles . | . . . . . . . . . . . . Robots Corrupted 2 | . . . . . . . . 2 . . . Combat Hostiles 2 | . . . . . . . . 2 . . . Parts Fried 2 | . . . . . . . . 2 . . . Impact Corruptions 4 | . . . . . . . . 4 . . . Robots Melted 3 | . . . . . 3 . . . . . . Combat Hostiles 2 | . . . . . 2 . . . . . . Parts Melted 13 | . 1 . . . 12 . . . . . . Heat Transferred 7085 | . 1237 . . 185 5663 . . . . . . Parts Sabotaged . | . . . . . . . . . . . . Parts Stolen . | . . . . . . . . . . . . Parts Stripped . | . . . . . . . . . . . . Power Chain Reactions . | . . . . . . . . . . . . Alert | -11 -10 -10 -10 -9 -8 -7 -7 -7 -6 -5 -4 ------- Run | Yrd Mat Min Exi Min Mat Fac Was Fac Fac Fac Fac Maximum Alert Level 2 | . . . . . 2 . . . . . . Low Security (%) 90 | 100 100 100 . 100 61 100 100 100 100 100 100 Level 1 5 | . . . . . 20 . . . . . . Level 2 4 | . . . . . 18 . . . . . . Level 3 . | . . . . . . . . . . . . Level 4 . | . . . . . . . . . . . . Level 5 . | . . . . . . . . . . . . High Security . | . . . . . . . . . . . . Max Security . | . . . . . . . . . . . . Peak Influence 448 | . 82 10 . 40 448 191 42 91 24 30 56 Initial 191 | . . 10 . . . 191 42 1 5 . . Average 60 | . 23 . . 12 189 159 26 16 2 3 13 Influence Increases 2302 | . 292 8 . 70 1040 . . 407 46 87 352 Destroy 0b10 Robot/C 1040 | . 220 . . 60 580 . . 80 . 20 80 Destroy 0b10 Robot/NC 121 | . 15 . . . 45 . . 31 . 10 20 Destroy Leader 248 | . 44 . . 10 140 . . 30 . 10 14 Successful Hack 147 | . 12 . . . 31 . . 31 24 13 36 Disable Machine 75 | . . . . . 75 . . . . . . Destroy Structure 275 | . 1 8 . . 64 . . 64 22 34 82 Partial Spotted 12 | . . . . . . . . 12 . . . Lose Combat Pursuer 384 | . . . . . 105 . . 159 . . 120 Influence Decreases 2267 | . 264 36 . 70 619 300 119 397 58 87 317 Entered New Map 335 | . . 18 . . . 230 79 1 7 . . Time Decay 1632 | . 254 18 . 50 509 70 40 350 51 81 209 Lost Part 292 | . 10 . . 20 110 . . 46 . 6 100 Lost Ally 8 | . . . . . . . . . . . 8 Squads Dispatched 25 | . 1 . . . 8 1 . 8 1 2 4 Investigation 5 | . . . . . 2 . . 3 . . . Extermination 8 | . . . . . . 1 . 3 1 1 2 Reinforcement 9 | . 1 . . . 3 . . 2 . 1 2 Assault . | . . . . . . . . . . . . Garrison 3 | . . . . . 3 . . . . . . Intercept . | . . . . . . . . . . . . Searches Triggered . | . . . . . . . . . . . . Construction Impeded 1 | . . . . . . . . . . . 1 Haulers Reinforced . | . . . . . . . . . . . . Active Scanning Responses . | . . . . . . . . . . . . Cargo Convoy Interrupts 1 | . . . . . . . . . . . 1 Stealth | -11 -10 -10 -10 -9 -8 -7 -7 -7 -6 -5 -4 --------- Run | Yrd Mat Min Exi Min Mat Fac Was Fac Fac Fac Fac Distress Signals 8 | . . . . . 6 . . 1 . . 1 Communications Jammed . | . . . . . . . . . . . . Distress Signals . | . . . . . . . . . . . . Times Spotted 140 | . 21 . . 3 51 . 6 20 . 3 36 Peak Tracking Total 9 | . 4 . . 3 7 . 6 4 . 1 9 Tactical Retreats 21 | . . . . . 7 . . 7 . . 7 Traps | -11 -10 -10 -10 -9 -8 -7 -7 -7 -6 -5 -4 ------- Run | Yrd Mat Min Exi Min Mat Fac Was Fac Fac Fac Fac Traps Triggered 13 | . 3 1 . . 1 1 . 5 . 1 1 Indirectly . | . . . . . . . . . . . . Trap Hack Attempts . | . . . . . . . . . . . . Triggered . | . . . . . . . . . . . . Disarmed . | . . . . . . . . . . . . Reprogrammed . | . . . . . . . . . . . . Reused . | . . . . . . . . . . . . Traps Extracted . | . . . . . . . . . . . . Installed . | . . . . . . . . . . . . Triggered . | . . . . . . . . . . . . Machines | -11 -10 -10 -10 -9 -8 -7 -7 -7 -6 -5 -4 ---------- Run | Yrd Mat Min Exi Min Mat Fac Was Fac Fac Fac Fac Machines Disabled 5 | . . . . . 5 . . . . . . Max in Single Turn 2 | . . . . . 2 . . . . . . Garrison Access 2 | . . . . . . . . 1 1 . . Machines Repaired . | . . . . . . . . . . . . Machines Dismantled . | . . . . . . . . . . . . Machines Sabotaged . | . . . . . . . . . . . . Overloaded Fab Kills . | . . . . . . . . . . . . Hacking | -11 -10 -10 -10 -9 -8 -7 -7 -7 -6 -5 -4 --------- Run | Yrd Mat Min Exi Min Mat Fac Was Fac Fac Fac Fac Machines Accessed 31 | . 4 1 1 . 3 1 . 10 4 4 3 Terminals 21 | . 4 . . . 1 1 . 5 3 4 3 Fabricators 1 | . . . . . . . . 1 . . . Repair Stations 2 | . . . . . 1 . . 1 . . . Recycling Units 1 | . . . . . 1 . . . . . . Scanalyzers 2 | . . . . . . . . 2 . . . Garrison Access 2 | . . . . . . . . 1 1 . . Total Hacks 68 | . 11 1 1 . 10 2 . 23 6 7 7 Successful 33 | . 4 1 1 . 5 1 . 10 2 5 4 Failed 35 | . 7 . . . 5 1 . 13 4 2 3 Catastrophic 5 | . 1 . . . . . . 2 1 . 1 Database Lockouts . | . . . . . . . . . . . . Manual 47 | . 11 . 1 . 2 2 . 13 5 6 7 Terminals 47 | . 11 . . . 2 2 . 13 5 7 7 Fabricators 2 | . . . . . . . . 2 . . . Repair Stations 7 | . . . . . 5 . . 2 . . . Recycling Units 3 | . . . . . 3 . . . . . . Scanalyzers 5 | . . . . . . . . 5 . . . Garrison Access 2 | . . . . . . . . 1 1 . . Terminal Hacks 6 | . 1 1 1 . . . . . . 2 1 Open Door 1 | . . 1 . . . . . . . . . Level Access Points 2 | . . . . . . . . . . 1 1 Transport Status 1 | . . . . . . . . . . 1 . Registered Prototypes 1 | . 1 . . . . . . . . . . Proto ID Catalog 1 | . . . 1 . . . . . . . . Fabricator Hacks 2 | . . . . . . . . 2 . . . Load Schematic 1 | . . . . . . . . 1 . . . Build 1 | . . . . . . . . 1 . . . Repair Station Hacks 3 | . . . . . 2 . . 1 . . . Scan Component 2 | . . . . . 1 . . 1 . . . Repair 1 | . . . . . 1 . . . . . . Recycling Unit Hacks 2 | . . . . . 2 . . . . . . Report Inventory 1 | . . . . . 1 . . . . . . Retrieve Components 1 | . . . . . 1 . . . . . . Scanalyzer 3 | . . . . . . . . 3 . . . Insert Component 2 | . . . . . . . . 2 . . . Analyze 1 | . . . . . . . . 1 . . . Garrison Access Hacks 2 | . . . . . . . . 1 1 . . Seal Access 2 | . . . . . . . . 1 1 . . Unauthorized Hacks 15 | . 3 . . . 1 1 . 3 1 3 3 Terminals 15 | . 3 . . . 1 1 . 3 1 3 3 Assimilate 1 | . . . . . . . . . . . 1 Botnet 14 | . 3 . . . 1 1 . 3 1 3 2 Fabricators . | . . . . . . . . . . . . Repair Stations . | . . . . . . . . . . . . Recycling Units . | . . . . . . . . . . . . Scanalyzers . | . . . . . . . . . . . . Garrison Access . | . . . . . . . . . . . . Data Cores Recovered 2 | . . . . . . . . . . 1 1 Used 1 | . . . . . . . . . . 1 . Hacking Detections 20 | . 3 . . . 2 1 . 8 2 2 2 Full Trace Events 4 | . 1 . . . 1 . . 2 . . . Feedback Events . | . . . . . . . . . . . . Feedback Blocked . | . . . . . . . . . . . . Robot Schematics Acquired . | . . . . . . . . . . . . Robots Built . | . . . . . . . . . . . . Authchips . | . . . . . . . . . . . . Time . | . . . . . . . . . . . . Total Robot Build Rating . | . . . . . . . . . . . . Part Schematics Acquired 1 | . . . . . . . . 1 . . . Parts Built 1 | . . . . . . . . 1 . . . Authchips . | . . . . . . . . . . . . Time 84 | . . . . . . . . 84 . . . Total Part Build Rating 6 | . . . . . . . . 6 . . . Part Studies Acquired . | . . . . . . . . . . . . Parts Repaired 1 | . . . . . 1 . . . . . . Time 19 | . . . . . 19 . . . . . . Parts Recycled . | . . . . . . . . . . . . Recycled Matter . | . . . . . . . . . . . . Retrieved Matter . | . . . . . . . . . . . . Retrieved Components 1 | . . . . . 1 . . . . . . Parts Scanalyzed 1 | . . . . . . . . 1 . . . Part Schematics Acquired 1 | . . . . . . . . 1 . . . Parts Damaged 1 | . . . . . . . . 1 . . . Bothacking | -11 -10 -10 -10 -9 -8 -7 -7 -7 -6 -5 -4 ------------ Run | Yrd Mat Min Exi Min Mat Fac Was Fac Fac Fac Fac Used RIF Installer . | . . . . . . . . . . . . Robots Hacked . | . . . . . . . . . . . . Non-combat . | . . . . . . . . . . . . Combat . | . . . . . . . . . . . . Robot Hacks Applied . | . . . . . . . . . . . . Relay Couplers Released . | . . . . . . . . . . . . Fabnet Peak Effective % . | . . . . . . . . . . . . Robots Rewired . | . . . . . . . . . . . . Allies Hacked . | . . . . . . . . . . . . Hacks Repelled . | . . . . . . . . . . . . Allies | -11 -10 -10 -10 -9 -8 -7 -7 -7 -6 -5 -4 -------- Run | Yrd Mat Min Exi Min Mat Fac Was Fac Fac Fac Fac Total Allies 1 | . . . . . . . . . . . 1 Largest Group 1 | . . . . . . . . . . . 1 Highest-Rated Group 26 | . . . . . . . . . . . 26 Highest-Rated Ally 26 | . . . . . . . . . . . 26 Total Orders . | . . . . . . . . . . . . Ally Attacks . | . . . . . . . . . . . . Total Damage . | . . . . . . . . . . . . Kills . | . . . . . . . . . . . . Allies Corrupted . | . . . . . . . . . . . . Allies Melted . | . . . . . . . . . . . . Intel | -11 -10 -10 -10 -9 -8 -7 -7 -7 -6 -5 -4 ------- Run | Yrd Mat Min Exi Min Mat Fac Was Fac Fac Fac Fac Active Infowar (turns) 1400 | . . . . . . . . 1 265 439 695 Optics 1383 | . . . . . . . . . 249 439 695 Jamming 16 | . . . . . . . . . 16 . . ECM 3 | . . . . . . . . 1 . 1 1 Robot Analysis Total . | . . . . . . . . . . . . Derelict Logs Recovered . | . . . . . . . . . . . . Drone Launches . | . . . . . . . . . . . . Drone Recoveries . | . . . . . . . . . . . . Exploration | -11 -10 -10 -10 -9 -8 -7 -7 -7 -6 -5 -4 ------------- Run | Yrd Mat Min Exi Min Mat Fac Was Fac Fac Fac Fac Turns Passed 7825 | 81 1059 514 457 206 1859 142 81 1851 401 439 735 Spaces Moved 7954 | 44 555 259 240 69 730 238 227 3066 811 592 1123 Core 4 | 2 1 . . . . . . . . . 1 Treads 406 | 42 246 . . . 118 . . . . . . Legs 1488 | . 308 259 240 69 612 . . . . . . Wheels . | . . . . . . . . . . . . Hover 5420 | . . . . . . 238 227 3066 811 592 486 Flight 636 | . . . . . . . . . . . 636 Fastest Speed 30 | 50 120 190 190 260 120 34 34 34 36 36 30 Average Speed 72 | 155 165 191 190 260 179 44 34 35 36 41 42 Slowest Speed 700 | 160 500 330 190 260 330 98 34 98 105 101 700 Overloaded Moves . | . . . . . . . . . . . . Propulsion Burnouts . | . . . . . . . . . . . . Robots Hopped . | . . . . . . . . . . . . Potential Cave-ins 23 | . . . . . . . . 18 3 . 2 Cave-ins Triggered 3 | . . 1 . . . . . 1 . 1 . Exploration Rate (%) 36 | 3 71 49 60 22 43 5 81 48 14 10 29 Regions Visited 11 Branch Regions 3 Pre-discovered Areas . | . . . . . . . . . . . . Known Exits Taken 1 | . . . . . . . . . . 1 . Unknown Exits Taken 8 | 1 1 1 1 1 1 . . 1 1 . . Scrap Searched . | . . . . . . . . . . . . Spaces Dug 182 | . . 5 . . . . . 91 29 23 34 Terrain Destroyed 257 | . . 8 . . 63 . . 91 29 23 43 Melee 177 | . . . . . . . . 91 29 23 34 Projectile 28 | . . . . . 28 . . . . . . AOE 52 | . . 8 . . 35 . . . . . 9 Terrain Rammed . | . . . . . . . . . . . . Walls Destroyed . | . . . . . . . . . . . . Machines Disabled . | . . . . . . . . . . . . Actions | -11 -10 -10 -10 -9 -8 -7 -7 -7 -6 -5 -4 --------- Run | Yrd Mat Min Exi Min Mat Fac Was Fac Fac Fac Fac Total 9270 | 54 625 268 242 85 1021 276 231 3606 861 725 1276 Wait 533 | . 2 . . . 53 . 1 353 . 78 46 Move 7944 | 43 554 258 239 68 729 238 226 3065 810 591 1123 Hop . | . . . . . . . . . . . . Pick Up 84 | 5 5 2 1 4 21 6 2 13 6 7 12 Fast Attach 43 | 5 7 . . 1 15 1 . 5 1 2 6 Attach 34 | 1 2 1 . 1 7 2 . 5 3 4 8 Detach 10 | . 1 . 2 . 1 . . 2 2 1 1 Swap 57 | . 3 3 . . 15 15 . 4 7 7 3 Drop 75 | . 1 . . . 24 14 2 14 3 7 10 Fire 221 | . 48 4 . 11 154 . . 1 . . 3 Melee 260 | . . . . . . . . 139 29 28 64 Ram 1 | . . . . . . . . 1 . . . Kick 2 | . . . . . 2 . . . . . . Crush 2 | . 2 . . . . . . . . . . Escape Stasis 4 | . . . . . . . . 4 . . . Rewire . | . . . . . . . . . . . . Trap . | . . . . . . . . . . . . Miscellaneous . | . . . . . . . . . . . . Route ------- -11/Scrapyard -10/Materials (discovered 4 exits: [*Mat x2] / *Min / [*Sub]) -10/Mines (discovered 2 exits: [*Mat] / *Exi) -10/Exiles -9/Mines -8/Materials (discovered 2 exits: *Fac x2) -7/Factory -7/Waste -7/Factory (discovered 3 exits: *Fac x2 / [*Low]) -6/Factory -5/Factory (discovered 4 exits: *Fac x4) -4/Factory (discovered 4 exits: Res x4) History --------- Turn | Location | Event 44 | -11/Scrapyard | Discovered new exit (range 16) 82 | -11/Scrapyard | Entered Materials 242 | -10/Materials | Discovered new exit (range 10) 309 | -10/Materials | Build established: Mutant 413 | -10/Materials | Discovered new exit (range 7) 657 | -10/Materials | Discovered new exit (range 15) 898 | -10/Materials | Discovered new exit (range 5) 1141 | -10/Materials | Entered Mines 1193 | -10/Mines | Discovered new exit (range 6) 1237 | -10/Mines | Met a Derelict who couldn't figure out how to use a Trap Extractor 1290 | -10/Mines | Crushed by falling debris 1290 | -10/Mines | Core integrity fell below 50% 1367 | -10/Mines | Received a Rocket Launcher from a helpful Derelict 1642 | -10/Mines | Deemed a non-threat by the Exiles lab entrance 1644 | -10/Mines | Discovered new exit (range 5) 1655 | -10/Mines | Entered Exiles 1704 | -10/Exiles | Met 8R-AWN 1736 | -10/Exiles | Met EX-HEX 1789 | -10/Exiles | Met EX-BIN 1841 | -10/Exiles | Aligned with FarCom system 1843 | -10/Exiles | Given EX-Vault access code 1896 | -10/Exiles | Opened EX-Vault 1911 | -10/Exiles | Found 0b10 Alert Chip 1948 | -10/Exiles | Warned to stay clear of 0b10 Research branches 2013 | -10/Exiles | Met EX-DEC 2091 | -10/Exiles | Discovered new exit (range 14) 2112 | -10/Exiles | Left Exiles lab with 0b10 Alert Chip 2112 | -10/Exiles | Entered Mines 2297 | -9/Mines | Discovered new exit (range 8) 2318 | -9/Mines | Entered Materials 2318 | -8/Materials | Evolved 4 slots: Propulsion x2, Utility x2 2542 | -8/Materials | Garrison activated, responded to threat 2864 | -8/Materials | Build established: Scavenger-Mutant 2926 | -8/Materials | Lost 3 parts (2n1u) 2939 | -8/Materials | Discovered new exit (range 3) 3361 | -8/Materials | Discovered new exit (range 15) 3443 | -8/Materials | Core integrity fell below 50% 3540 | -8/Materials | Repaired Hacking Suite 4177 | -8/Materials | Entered Factory 4177 | -7/Factory | Evolved 2 slots: Propulsion x1, Utility x1 4319 | -7/Factory | Sucked down chute 4319 | -7/Factory | Entered Waste 4327 | -7/Waste | Spotted C-40 Crusher 4330 | -7/Waste | Spotted C-40 Crusher 4330 | -7/Waste | Spotted C-40 Crusher 4336 | -7/Waste | Spotted C-40 Crusher 4341 | -7/Waste | Spotted C-40 Crusher 4369 | -7/Waste | Spotted C-40 Crusher 4396 | -7/Waste | Discovered new exit (range 13) 4400 | -7/Waste | Entered Factory 4488 | -7/Factory | Build established: Hacker-Mutant 4889 | -7/Factory | Discovered new exit (range 5) 4945 | -7/Factory | Discovered new exit (range 15) 5278 | -7/Factory | Fabricated Plasma Sword? 5759 | -7/Factory | Crushed by falling debris 5790 | -7/Factory | Lost 3 parts (1n2u) 6173 | -7/Factory | System corruption reached 10% 6247 | -7/Factory | Discovered new exit (range 11) 6251 | -7/Factory | Entered another Factory area 6251 | -6/Factory | Evolved 2 slots: Utility x2 6651 | -6/Factory | Discovered new exit (range 3) 6652 | -6/Factory | Entered another Factory area 6652 | -5/Factory | Evolved 2 slots: Power x1, Propulsion x1 6669 | -5/Factory | Identified exit to Factory 6866 | -5/Factory | Crushed by falling debris 7091 | -5/Factory | Entered another Factory area 7091 | -4/Factory | Evolved 2 slots: Utility x2 7151 | -4/Factory | Identified exit to Research 7599 | -4/Factory | Build established: Hacker-Sprinter 7694 | -4/Factory | Lost 7 parts (1p3n2u1w) 7733 | -4/Factory | Core integrity fell below 50% 7748 | -4/Factory | Cargo convoy interrupted 7784 | -4/Factory | Lost 5 parts (1p4n) 7784 | -4/Factory | Core integrity fell below 20% 7826 | -4/Factory | Destroyed by P-70 Sage with High-powered Shock Rifle Last Messages --------------- 07756_ P-70 Sage destroyed. 07767_ Slug penetrates Wall. 07767_ Penetrated by Slug. 07767_ Slug penetrates Wall. 07771_ W-44 Eye sends out distress signal. 07786_ Enh. Optical Array destroyed. 07786_ Falx destroyed. 07787_ ACRMWN=M% J/2KO4QXR8L#UB S 07797_ U-05 Engineer lays Concrete. 07797_ U-05 Engineer builds a Wall. 07809_ Hacking Suite destroyed. 07810_ System corrupted: Component data lost. 07819_ ALERT: Construction progress impeded, dispatching reinforcements to local area. 07826_ Triggered Tesla Bomb Trap. 07826_ A bubble of electromagnetic force engulfs the area. 07826_ Rocket Launcher destroyed. 07826_ Terminal disabled. 07826_ Power Conduit explodes. 07826_ U-05 Engineer destroyed. Map ----- +----------------------------------------------------+ | ????????????????????????????????????? | | ????????????????????????????????????? | | ????????????????????